 Dungeon Crawl Stone Soup version 0.23.1 (webtiles) character file.

Game seed: 6365470971026811173

415 Giel the Poker (level 6, -12/56 HPs)
             Began as a Hill Orc Monk on Mar 18, 2019.
             Killed by divine providence
             ... invoked by an orc priest
              (17 damage)
             ... on level 4 of the Dungeon.
             The game lasted 00:09:39 (3232 turns).

Giel the Poker (Hill Orc Monk)                      Turns: 3232, Time: 00:09:40

Health: -12/56     AC:  6    Str: 16    XL:     6   Next: 91%
Magic:  6/6        EV: 12    Int: 10    God:
Gold:   178        SH:  0    Dex: 13    Spells: 5/5 levels left

rFire    . . .     SeeInvis .   a - +0 spear
rCold    . . .     Gourm    .   (no shield)
rNeg     . . .     Faith    .   p - +0 ring mail
rPois    .         Spirit   .   (no helmet)
rElec    .         Reflect  .   i - +0 cloak
rCorr    .         Harm     .   (no gloves)
MR       .....                  (no boots)
Stlth    ++........             (no amulet)
HPRegen  0.18/turn              (no ring)
MPRegen  0.10/turn              (no ring)

@: no status effects
A: no striking features
a: Convert to Beogh


You were on level 4 of the Dungeon.
You were hungry.

You visited 1 branch of the dungeon, and saw 4 of its levels.

You collected 178 gold pieces.

Inventory:

Hand Weapons
 a - a +0 spear (weapon)
Armour
 b - a +0 robe
 i - a +0 cloak (worn)
 p - a +0 ring mail (worn)
 t - a +0 scale mail
Wands
 u - a wand of flame (14)
 v - a wand of acid (8)
Scrolls
 h - a scroll of enchant weapon {unknown}
 n - a scroll of identify {unknown}
 o - 3 scrolls of remove curse {unknown}
 r - a scroll of magic mapping {unknown}
 s - 3 scrolls of teleportation {unknown}
Potions
 d - a potion of might
 e - a potion of cancellation {unknown}
 f - a potion of brilliance {unknown}
 g - a potion of degeneration {unknown}
 j - a potion of agility {unknown}
 k - a potion of lignification
 l - a potion of resistance {unknown}
 m - a potion of invisibility {unknown}
 q - a potion of berserk rage {unknown}
Comestibles
 c - 6 rations


   Skills:
 + Level 5.0 Fighting
 + Level 5.2 Polearms
 + Level 2.5 Armour
 + Level 3.6 Dodging
 + Level 2.9 Stealth


You had 5 spell levels left.
You didn't know any spells.
Your spell library contained the following spells:

 Spells                   Type           Power        Failure   Level  Hunger
 Beastly Appendage        Tmut           #.....       56%         1    ##.....
 Sticks to Snakes         Tmut           #.......     71%         2    ###....
 Spider Form              Tmut/Pois      #.........   91%         3    ####...
 Ice Form                 Ice/Tmut       #.......     100%        4    #####..
 Blade Hands              Tmut           #.........   100%        5    ######.


Dungeon Overview and Level Annotations

Branches:
Dungeon (4/15)
 Temple: D:4-7

Altars:
Kikubaaqudgha


Message History

The orc priest is severely wounded.
The orc hits you but does no damage.
The orc priest hits you but does no damage.
The orc priest shouts, "Beogh is our master!
Accept the truth or die!"
You hit the orc priest.
The orc priest is almost dead.
The orc priest calls down the wrath of Beogh upon you.
Beogh smites you!
* * * LOW HITPOINT WARNING * * *
The orc barely misses you.
You completely miss the orc priest.
The orc priest is almost dead.
The orc priest hits you with a +0 dagger.
* * * LOW HITPOINT WARNING * * *
The orc hits you but does no damage.
You closely miss the orc priest.
The orc priest is almost dead.
The orc priest mumbles some strange prayers to Beogh against you.
Beogh smites you!
You die...

...#.#.
o. ..#..
..o ...o
o<..
#s.#o....
#..>..o..
#o# #)#
####o####
#.@os...#
##
#.#####.#
#. #.# #
+. #.#
#.#
#.#####.#
#.......#
##.##.###
#.##.#


You could see a scorpion, an orc priest and an orc.

Vanquished Creatures
  Edmund (D:4)
  An ogre (D:2)
  A bullfrog (D:3)
  An orc priest (D:4)
  An iguana (D:4)
  A worker ant zombie (D:2)
  An adder (D:3)
  3 worms
  A leopard gecko (D:3)
  6 orcs
  10 bats
  A giant cockroach (D:1)
  8 goblins
  6 hobgoblins
  13 jackals
  4 kobolds
  A quokka (D:3)
  3 ball pythons
  3 frilled lizards (D:2)
  6 rats
72 creatures vanquished.

Notes
Turn   | Place    | Note
-------+----------+-------------------------------------------
     0 | D:1      | Giel the Hill Orc Monk began the quest for the Orb.
     0 | D:1      | Reached XP level 1. HP: 19/19 MP: 1/1
   146 | D:1      | Reached XP level 2. HP: 10/26 MP: 2/2
  1004 | D:2      | Reached XP level 3. HP: 22/33 MP: 3/3
  1578 | D:3      | Noticed an ogre
  1605 | D:2      | Killed an ogre
  1605 | D:2      | Reached skill level 1 in Armour
  1605 | D:2      | Reached XP level 4. HP: 24/40 MP: 4/4
  1605 | D:2      | Reached XP level 5. HP: 28/46 MP: 5/5
  2325 | D:3      | Found an ancient bone altar of Kikubaaqudgha.
  2420 | D:3      | Reached XP level 6. HP: 30/53 MP: 6/6
  2963 | D:4      | Reached skill level 5 in Polearms
  3122 | D:4      | Noticed Edmund
  3170 | D:4      | Killed Edmund
  3170 | D:4      | Reached skill level 5 in Fighting
  3232 | D:4      | Killed from afar by an orc priest

Skill      XL: |  1  2  3  4  5  6 |
---------------+-------------------+-----
Polearms       | 4 5 |  5.2
Fighting       | 4 5 |  5.0
Armour         | 1 2 |  2.5
Dodging        | 3 |  3.6
Stealth        | 2 |  2.9

Action                   |  1- 3 |  4- 6 || total
-------------------------+-------+-------++-------
Melee: Spear             |   170 |   219 ||   389
Evoke: Wand              |       |     3 ||     3
  Use: Potion            |     1 |       ||     1
 Stab: Sleeping          |     5 |     2 ||     7
  Eat: Chunk             |     2 |     5 ||     7
Armor: Robe              |    19 |       ||    19
       Ring mail         |     2 |    80 ||    82
       Skin              |     2 |       ||     2
Dodge: Dodged            |    74 |   142 ||   216
